 Dungeon Crawl Stone Soup version 0.19.0-2-gae57169 (webtiles) character file.

61301 lorenzova the Fighter (level 14, -25/132 HPs)
             Began as a Minotaur Berserker on Nov 5, 2016.
             Was the Champion of Trog.
             Annihilated by an orc warlord
             ... wielding a +0 broad axe
              (49 damage)
             ... on level 1 of the Orcish Mines.
             The game lasted 01:01:40 (21734 turns).

lorenzova the Fighter (Minotaur Berserker)         Turns: 21734, Time: 01:01:42

Health: -25/132    AC: 23    Str: 33    XL:     14   Next: 60%
Magic:  9/9        EV: 15    Int:  4    God:    Trog [******]
Gold:   1244       SH:  9    Dex: 21    Spells: 0 memorised, 13 levels left

rFire  + + +     SeeInvis +     l - +7 hand axe "Qeuboen" {vamp, rF+++ rC-}
rCold  x . .     Gourm    .     j - +3 chain mail of Meusesku {-Tele rF+++ Str+4 Stlth+}
rNeg   . . .     Faith    .     F - +0 shield
rPois  .         Spirit   .     R - +1 hat {SInv}
rElec  +         Reflect  .     M - +0 cloak of Calculation {rElec MP-9 Str+2 Dex+7}
rCorr  .         Harm     .     C - +1 pair of gloves
MR     +++..     NoTele   +     A - +0 pair of boots
Stlth  ..........               (no amulet)
                                i - +4 ring of dexterity
                                J - +4 ring of slaying

@: regenerating
A: retaliatory headbutt, horns 2
a: Berserk, Trog's Hand, Brothers in Arms, Burn Spellbooks, Renounce Religion


You were on level 1 of the Orcish Mines.
You worshipped Trog.
Trog was exalted by your worship.
You were not hungry.

You visited 3 branches of the dungeon, and saw 20 of its levels.
You also visited: Labyrinth and Bailey.

You collected 1692 gold pieces.
You spent 448 gold pieces at shops.

Inventory:

Hand Weapons
 l - the +7 hand axe "Qeuboen" (weapon) {vamp, rF+++ rC-}
   (You found it on level 1 of the Lair of Beasts)

   It inflicts no extra harm, but heals its wielder when it wounds a living foe.
   It renders you almost immune to fire.
   It makes you vulnerable to cold.
 t - a +2 fustibalus of freezing
Missiles
 f - 20 tomahawks of returning (quivered)
 W - 147 sling bullets
Armour
 j - the +3 chain mail of Meusesku (worn) {-Tele rF+++ Str+4 Stlth+}
   (You found it on level 2 of the Lair of Beasts)

   It affects your strength (+4).
   It renders you almost immune to fire.
   It prevents most forms of teleportation.
   It makes you more stealthy.
 A - a +0 pair of boots (worn)
 C - a +1 pair of gloves (worn)
 F - a +0 shield (worn)
 L - a +2 ring mail of cold resistance
 M - the +0 cloak of Calculation (worn) {rElec MP-9 Str+2 Dex+7}
   (You bought it in a shop on level 4 of the Dungeon)

   It affects your strength (+2).
   It affects your dexterity (+7).
   It insulates you from electricity.
   It affects your magic capacity (-9).
 R - a +1 hat of see invisible (worn)
Jewellery
 i - a +4 ring of dexterity (right hand)
 u - an uncursed ring of ice
 J - a +4 ring of slaying (left hand)
 V - the amulet "Vimel" {Harm *Drain rElec rC+ Int-2 Stlth+, unknown}
   (You found it on level 11 of the Dungeon)

   [amulet of harm]

   It increases damage dealt and taken.
   It affects your intelligence (-2).
   It protects you from cold.
   It insulates you from electricity.
   It causes draining when unequipped.
   It makes you more stealthy.
Wands
 a - a wand of heal wounds (5/9)
 r - a wand of disintegration (13/24)
 y - a wand of iceblast (7/15)
 B - a wand of digging (17/24)
 E - a wand of heal wounds (2/9)
 Q - a wand of slowing (22/48)
 U - a wand of iceblast (4/15)
 X - a wand of flame (17/48)
Scrolls
 g - 2 scrolls of silence
 h - 7 scrolls of magic mapping
 k - 7 scrolls of teleportation
 q - 7 scrolls of remove curse
 v - 2 scrolls of fear
 I - 4 scrolls of enchant armour
Potions
 b - a potion of flight {unknown}
 d - 4 potions of cancellation
 e - a potion of resistance
 m - 2 potions of haste
 n - 2 potions of invisibility
 o - 2 potions of agility {unknown}
 p - 7 potions of curing {unknown}
 x - 2 potions of berserk rage {unknown}
 z - a potion of ambrosia {unknown}
 D - 3 potions of brilliance {unknown}
 K - 3 potions of cure mutation {unknown}
 N - 4 potions of heal wounds {unknown}
 P - 3 potions of lignification {unknown}
 T - 3 potions of mutation {unknown}
Comestibles
 c - 13 bread rations
 s - 2 meat rations
 w - a beef jerky


   Skills:
 + Level 14.3 Fighting
 + Level 12.7 Axes
 - Level 8.7(10.1) Slings
 - Level 7.5(9.1) Throwing
 + Level 14.3 Armour
 + Level 11.4 Dodging
 * Level 7.2 Evocations


You had 13 spell levels left.
You didn't know any spells.

Dungeon Overview and Level Annotations

Branches:
Dungeon (13/15)            Temple (0/1) D:6            Lair (6/6) D:9
  Swamp (0/4) Lair:3       Spider (0/4) Lair:2        Slime (0/5) Lair:6
    Orc (1/2) D:12
 Vaults: D:13-14

Altars:
Cheibriados
Elyvilon
Fedhas
Okawaru
Ru
Uskayaw
Xom
Jiyva

Shops:
D:4 [   D:6 (   D:7 [   D:11 :   D:12 (

Portals:
Trove: D:10 (give +3 storm dragon scales)


Innate Abilities, Weirdness & Mutations

You reflexively headbutt those who attack you in melee.
You have a pair of horns on your head.


Message History

The sun demon disappears in a puff of smoke!
You hit the orc warlord but do no damage.
You hit the orc warrior but do no damage.
You hit the orc.
You feel better.
You slash the orc warlord! The orc warrior closely misses you.
The orc priest calls upon Beogh to heal the orc warrior.
The orc warrior's wounds heal themselves!
You block the orc warrior's attack. The orc warlord closely misses you.
The orc warrior hits you from afar with a halberd!!
* * * LOW HITPOINT WARNING * * *
Evoke which item? (* to show all) (? for menu, Esc to quit)
Zapping:
a - a wand of heal wounds (6/9)
Press: ? - help, Shift-Dir - straight line, f - you You feel much better.
This wand has 5 charges left.
You block the orc wizard's attack.
The orc warlord hits you with an enchanted great mace!!
* * * LOW HITPOINT WARNING * * *
You block the orc warrior's attack. The orc warrior closely misses you.
The orc warlord hits you with a broad axe!!!
You die...

..............
.............
............##
............. .
.......Too.....
....oooo#....
#.)oooo....
#.)@ooo....
......)ooo...$.
.#.....o.......
..........>....
.........#.....
..#.##.####.##.
# ## ## ##


You could see 2 orc warlords, an orc knight, a troll, 7 orc warriors, an orc
priest, 2 orc wizards and 4 orcs.

Vanquished Creatures
  Gastronok (D:9)
  A minotaur (Lab)
  Erolcha (Orc:1)
  6 hydras
  The ghost of Zebura the Basher, a journeyman VSFi of the Shining One (Lair:2)
  The ghost of ReniFell the Cleaver, a novice DDFi of Makhleb (Bailey)
  4 skeletal warriors (D:12)
  2 unseen horrors (Lab)
  A lindwurm (Lair:6)
  3 hill giants
  2 orc knights
  Pikel (D:5)
  An orb spider (Lair:2)
  An orc sorcerer (Orc:1)
  A deep elf mage (D:10)
  An oklob plant (Lair:2)
  9 elephants (Lair:6)
  3 torpor snails
  3 black mambas
  2 rime drakes
  19 spiny frogs
  4 komodo dragons
  A guardian mummy (D:10)
  2 trolls
  3 polar bears (Lair:4)
  5 tyrant leeches (Lair:6)
  Grinder (D:2)
  13 hippogriffs
  2 hornets (D:8)
  26 blink frogs
  4 dream sheep (Lair:4)
  3 wyverns
  A spriggan (D:10)
  A steam dragon (D:9)
  40 yaks
  4 hungry ghosts (Lab)
  4 vampire mosquitoes (Lair:6)
  2 mottled dragons (D:11)
  A swamp worm (Lair:3)
  11 porcupines
  12 water moccasins
  10 orc warriors
  A slave (D:5)
  6 black bears
  An ice beast (D:9)
  4 sky beasts
  A necrophage (D:8)
  6 phantoms
  27 wolves
  3 ogres
  3 centaurs
  12 crocodiles
  29 bullfrogs
  A water moccasin zombie (D:5)
  A wyvern skeleton (D:11)
  3 scorpions
  A water moccasin skeleton (D:6)
  20 killer bees
  19 wights
  5 howler monkeys
  4 electric eels
  6 crimson imps
  2 bullfrog zombies
  7 orc priests
  A quasit (D:11)
  4 hounds
  3 jellies
  11 orc wizards
  2 iguanas (D:6)
  Terence (D:3)
  11 hell rats (Lair:5)
  11 worker ants
  A hound zombie (D:10)
  2 hound skeletons (D:8)
  A worker ant zombie (D:10)
  Robin (D:3)
  4 gnolls
  A howler monkey skeleton (D:11)
  7 adders
  11 river rats (Lair:5)
  A shadow imp (D:8)
  6 oozes
  2 adder skeletons
  5 worms
  4 dart slugs
  4 leopard geckos
  45 orcs
  2 giant cockroaches
  27 goblins
  15 hobgoblins
  8 jackals
  4 quokkas
  A ball python (D:1)
  5 bats
  4 frilled lizards
  22 kobolds
  21 rats
  4 fungi
  3 plants (Lair:6)
631 creatures vanquished.

Vanquished Creatures (others)
  An orc wizard (D:4)
  An adder (D:5)
  A dart slug (D:5)
  10 fungi
  24 plants
37 creatures vanquished.

Grand Total: 668 creatures vanquished

Notes
Turn   | Place    | Note
-------+----------+-------------------------------------------
     0 | D:1      | lorenzova the Minotaur Berserker began the quest for the Orb.
     0 | D:1      | Reached XP level 1. HP: 19/19 MP: 0/0
    80 | D:1      | Reached XP level 2. HP: 26/27 MP: 1/1
   705 | D:2      | Reached XP level 3. HP: 29/34 MP: 2/2
   808 | D:2      | Reached ** piety under Trog
  1077 | D:3      | Reached skill level 5 in Fighting
  1077 | D:3      | Reached XP level 4. HP: 42/42 MP: 3/3
  1118 | D:3      | Noticed Grinder
  1135 | D:2      | Paralysed by Grinder for 3 turns
  1151 | D:2      | Killed Grinder
  1151 | D:2      | Reached skill level 5 in Armour
  1151 | D:2      | Reached XP level 5. HP: 19/51 MP: 4/4
  1151 | D:2      | Reached XP level 6. HP: 22/58 MP: 5/5
  1342 | D:3      | Noticed Robin
  1361 | D:3      | Killed Robin
  1436 | D:3      | Found a hide-covered altar of Uskayaw.
  1494 | D:3      | Noticed Terence
  1500 | D:3      | Killed Terence
  1682 | D:3      | Reached *** piety under Trog
  2267 | D:4      | Found a white marble altar of Elyvilon.
  2524 | D:4      | Reached XP level 7. HP: 47/66 MP: 6/6
  2723 | D:4      | Found Bisaiv's Armour Emporium.
  2996 | D:5      | Entered Level 5 of the Dungeon
  3417 | D:5      | Noticed Pikel
  3441 | D:5      | Killed Pikel
  3441 | D:5      | Reached skill level 5 in Axes
  3441 | D:5      | Reached XP level 8. HP: 25/77 MP: 7/7
  4115 | D:5      | Reached **** piety under Trog
  4270 | D:5      | Found a snail-covered altar of Cheibriados.
  4781 | D:6      | Found a staircase to the Ecumenical Temple.
  4968 | D:6      | Found Yhunosejel's Weapon Shoppe.
  4972 | D:6      | Noticed a hippogriff
  4984 | D:6      | Killed a hippogriff
  5349 | D:6      | Reached XP level 9. HP: 80/85 MP: 8/8
  5425 | D:6      | Reached skill level 10 in Fighting
  5686 | D:7      | Found a flagged portal.
  5724 | Bailey   | Entered a bailey
  5798 | Bailey   | Noticed ReniFell's ghost (novice DDFi)
  5798 | Bailey   | Noticed an orc knight
  5833 | Bailey   | Reached skill level 1 in Throwing
  5838 | Bailey   | Killed an orc knight
  5838 | Bailey   | Reached skill level 10 in Armour
  5842 | Bailey   | Killed ReniFell's ghost
  5999 | Bailey   | Found a burning altar of Makhleb.
  6288 | D:4      | Bought the +0 cloak of Calculation {rElec MP-9 Str+2 Dex+7} for 448 gold pieces
  6567 | D:7      | Found an iron altar of Okawaru.
  6578 | D:7      | Reached XP level 10. HP: 89/94 MP: 0/9
  6581 | D:7      | Reached ***** piety under Trog
  6615 | D:7      | Reached skill level 5 in Throwing
  6637 | D:7      | Received a gift from Trog
  7502 | D:7      | Found Mumuzal's Armour Emporium.
  7861 | D:8      | Paralysed by a hornet for 3 turns
  8637 | D:9      | Found a staircase to the Lair.
  8663 | D:9      | Noticed Gastronok
  8674 | D:9      | Killed Gastronok
  8674 | D:9      | Reached skill level 5 in Dodging
  8674 | D:9      | Reached XP level 11. HP: 72/102 MP: 1/10
  9040 | D:9      | Received a gift from Trog
  9640 | D:9      | Found a sacrificial altar of Ru.
  9641 | D:9      | Found a blossoming altar of Fedhas.
  9674 | D:9      | Noticed a hill giant
  9680 | D:9      | Killed a hill giant
  9680 | D:9      | Reached skill level 1 in Slings
  9758 | Lair:1   | Entered Level 1 of the Lair of Beasts
 10683 | Lair:1   | Got a slimy hand axe
 10811 | Lair:2   | Reached skill level 10 in Axes
 10845 | Lair:2   | Noticed Zebura's ghost (journeyman VSFi)
 10897 | Lair:2   | Killed Zebura's ghost
 11051 | Lair:2   | Noticed a six-headed hydra
 11061 | Lair:2   | Killed a six-headed hydra
 11103 | Lair:2   | Reached skill level 5 in Slings
 11111 | Lair:2   | Noticed a six-headed hydra
 11127 | Lair:2   | Killed a six-headed hydra
 11127 | Lair:2   | Reached XP level 12. HP: 53/112 MP: 2/11
 11359 | Lair:2   | Found a shimmering altar of Xom.
 11656 | Lair:2   | Got a brightly glowing chain mail
 11667 | Lair:2   | Identified the +3 chain mail of Meusesku {-Tele rF+++ Str+4 Stlth+} (You found it on level 2 of the Lair of Beasts)
 11811 | Lair:2   | Found a hole to the Spider Nest.
 12012 | Lair:3   | Found a shimmering altar of Xom.
 12286 | Lair:3   | Found a staircase to the Swamp.
 12464 | Lair:3   | Received a gift from Trog
 13108 | Lair:4   | Noticed a death yak
 13109 | Lair:4   | Noticed a death yak
 13296 | Lair:3   | Identified the +7 hand axe "Qeuboen" {vamp, rF+++ rC-} (You found it on level 1 of the Lair of Beasts)
 13511 | Lair:4   | Noticed a five-headed hydra
 13526 | Lair:4   | Killed a five-headed hydra
 14150 | Lair:5   | Received a gift from Trog
 14426 | Lair:5   | Reached XP level 13. HP: 66/119 MP: 3/12
 15233 | Lair:6   | Entered Level 6 of the Lair of Beasts
 15246 | Lair:6   | Reached skill level 10 in Dodging
 15250 | Lair:6   | Reached skill level 1 in Evocations
 15251 | Lair:6   | Received a gift from Trog
 16044 | Lair:6   | Reached ****** piety under Trog
 16044 | Lair:6   | Received a gift from Trog
 16648 | Lair:6   | Reached skill level 5 in Evocations
 17158 | Lair:6   | Got a jewelled scale mail
 17169 | Lair:6   | Identified the cursed +0 scale mail of the Eight Boll Weevils {*Slow Dex+4} (You found it on level 6 of the Lair of Beasts)
 17221 | Lair:6   | Reached XP level 14. HP: 118/130 MP: 8/17
 17423 | Lair:6   | Found a runed door.
 17423 | Lair:6   | Found a viscous altar of Jiyva.
 17423 | Lair:6   | Found a staircase to the Slime Pits.
 18170 | D:10     | Entered Level 10 of the Dungeon
 18295 | D:10     | Received a gift from Trog
 18586 | D:10     | Found a portal to a secret trove of treasure.
 18773 | D:11     | Found a labyrinth entrance.
 18791 | Lab      | Entered a labyrinth
 19689 | Lab      | Lost intelligence.
 19995 | D:11     | Found Lodorouj's Book Shoppe.
 20156 | D:11     | Got a shimmering copper amulet
 20628 | D:12     | Found a staircase to the Orcish Mines.
 20628 | D:12     | Found Goufif's Weapon Shoppe.
 21060 | D:12     | Received a gift from Trog
 21310 | D:12     | You fall through a shaft!
 21720 | Orc:1    | Entered Level 1 of the Orcish Mines
 21720 | Orc:1    | Noticed Erolcha
 21720 | Orc:1    | Noticed an orc warlord
 21720 | Orc:1    | Noticed an orc warlord
 21731 | Orc:1    | Killed Erolcha
 21734 | Orc:1    | Annihilated by an orc warlord

Skill      XL: |  1  2  3  4  5  6  7  8  9 10 11 12 13 14 |
---------------+-------------------------------------------+-----
Fighting       | 4 5 6 7 8 9 10 11 12 13 14 | 14.3
Armour         | 3 4 5 6 8 9 10 11 12 13 14 | 14.3
Axes           | 5 6 8 9 10 11 12 | 12.7
Throwing       | 4 7 |  7.5
Dodging        | 5 7 9 10 11 | 11.4
Slings         | 5 8 |  8.7
Evocations     | 5 7 |  7.2

Action                   |  1- 3 |  4- 6 |  7- 9 | 10-12 | 13-15 || total
-------------------------+-------+-------+-------+-------+-------++-------
Melee: Hand axe          |    63 |    81 |   239 |   547 |   549 ||  1479
       Headbutt          |    13 |    10 |    43 |   162 |   210 ||   438
 Fire: Fustibalus        |       |       |       |    37 |    25 ||    62
Throw: Tomahawk          |       |       |    15 |       |       ||    15
Invok: Burn Spellbooks   |     1 |       |       |       |     3 ||     4
       Trog's Hand       |       |       |     1 |       |     1 ||     2
       Berserk           |       |       |     1 |       |       ||     1
Evoke: Wand              |       |       |       |       |     5 ||     5
  Use: Scroll            |       |       |     6 |     4 |    16 ||    26
       Potion            |       |       |     1 |       |       ||     1
 Stab: Distracted        |       |     1 |       |     1 |       ||     2
  Eat: Chunk             |       |     4 |    16 |    16 |    13 ||    49
       Royal jelly       |       |       |       |     1 |     4 ||     5
       Meat ration       |       |       |       |     1 |     4 ||     5
       Bread ration      |       |       |       |     1 |       ||     1
       Fruit             |       |       |       |       |     1 ||     1
Armor: Animal skin       |     1 |       |       |       |       ||     1
       Ring mail         |    12 |    28 |    72 |   122 |       ||   234
       Plate armour      |       |       |    59 |       |       ||    59
       Chain mail        |       |       |       |    60 |   201 ||   261
Dodge: Dodged            |    31 |    28 |    85 |   224 |   302 ||   670
Block: Shield            |       |       |    90 |   184 |   119 ||   393
